 Dungeon Crawl Stone Soup version 0.29.1-15-g9cfb28693d (webtiles) character file.

Game seed: 16430314510047049400

232 Coron the Chopper (level 6, -7/56 HPs)
             Began as a Meteoran Fighter on Mar 23, 2023.
             Mangled by Edmund
             ... wielding a +0 flail of holy wrath
              (8 damage)
             ... on level 4 of the Dungeon.
             The game lasted 00:08:09 (1235 turns).

Coron the Chopper (Meteoran Fighter)                Turns: 1235, Time: 00:08:10

Health: -7/56      AC:  7    Str: 19    XL:     6   Next: 50%
Magic:  7/7        EV:  9    Int: 10    God:
Gold:   96         SH:  5    Dex: 14    Spells: 5/5 levels left

rFire   . . .      SeeInvis .   i - +2 hand axe (vorpal)
rCold   . . .      Faith    .   c - +0 buckler
rNeg    . . .      Spirit   .   b - +0 scale mail
rPois   .          Reflect  .   (no helmet)
rElec   .          Harm     .   (no cloak)
rCorr   .          Rampage  .   (no gloves)
Will    .....                   (no boots)
Stlth   ..........              (no amulet)
HPRegen 0.18/turn               (no ring)
MPRegen 0.10/turn               (no ring)

@: mighty, glowing
A: sense surroundings 1, otherworldly, glowing, explore regen
a: no special abilities


You were on level 4 of the Dungeon.
You visited 1 branch of the dungeon, and saw 4 of its levels.
You also visited: Sewer.

You collected 96 gold pieces.

Inventory:

Hand Weapons
 a - a +0 war axe
 i - a +2 vorpal hand axe (weapon)
Missiles
 k - 13 poisoned darts (quivered)
Armour
 b - a +0 scale mail (worn)
 c - a +0 buckler (worn)
 g - a +0 chain mail
Scrolls
 h - a scroll of amnesia {unknown}
 n - a scroll of enchant weapon {unknown}
Potions
 d - a potion of berserk rage {unknown}
 e - 2 potions of degeneration
 f - a potion of curing {unknown}
 j - a potion of attraction {unknown}
 m - a potion of cancellation {unknown}


   Skills:
 - Level 5.0 Fighting
 - Level 5.0 Axes
 + Level 4.7 Armour
 - Level 4.0 Shields


You had 5 spell levels left.
You didn't know any spells.
Your spell library contained the following spells:

 Spells                   Type           Power      Damage    Failure   Level
 Call Canine Familiar     Summ           0%         N/A       99%         3
 Portal Projectile        Hex/Tloc       0%         N/A       99%         3
 Leda's Liquefaction      Hex/Erth       0%         N/A       100%        4


Dungeon Overview and Level Annotations

Branches:
Dungeon (4/15) Zot: 1516    Sewer (visited)
 Temple: D:4-7

Altars:

Shops:
D:4 =

Annotations:
D:4 Edmund


Innate Abilities, Weirdness & Mutations

You passively map a small area around you.
You are easily found by Zot.
You glow in the dark.
You regain HP and MP as you explore.


Message History

Edmund zaps a wand.
The puff of flame hits you.
You barely miss Edmund.
Edmund is lightly wounded.
Edmund zaps a wand.
The puff of flame hits you.
You hit Edmund.
Edmund is lightly wounded.
Edmund closely misses you.
You hit Edmund.
Edmund is moderately wounded.
Edmund zaps a wand.
The puff of flame hits you!
You hit Edmund but do no damage.
Edmund is moderately wounded.
Edmund hits you with a +0 flail of holy wrath!
You hit Edmund.
Edmund is moderately wounded.
Edmund zaps a wand.
The puff of flame hits you.
You hit Edmund but do no damage.
Edmund is moderately wounded.
Edmund completely misses you.
You hit Edmund.
Edmund is heavily wounded.
Edmund zaps a wand.
The puff of flame hits you.
* * * LOW HITPOINT WARNING * * *
Edmund hits you with a +0 flail of holy wrath.
* * * LOW HITPOINT WARNING * * *
You feel very mighty all of a sudden.
Edmund zaps a wand.
The puff of flame hits you.
* * * LOW HITPOINT WARNING * * *
You barely miss Edmund.
Edmund is moderately wounded.
Edmund says, "A flail is better than a scythe, any day of the week!"
Edmund hits you but does no damage.
You slash Edmund!
Edmund is severely wounded.
Edmund hits you with a +0 flail of holy wrath.
* * * LOW HITPOINT WARNING * * *
You hit Edmund but do no damage.
Edmund is severely wounded.
Edmund hits you with a +0 flail of holy wrath!
You die...

* *
#.##...##############
#.#..### * # #...##*
,, # #>### * ** * #
#.# * ,, # * ##.## ,
* # * #...# # ,
#...####.# * ,
#....@@..#.# ,
+............ , *
#...######... , ,
##### ,. * * * * * ,
* , * , *,


You could see Edmund.

Vanquished Creatures
  A kobold brigand (Sewer)
  An orc wizard (D:4)
  4 adders
  A gnoll (D:1)
  A river rat (D:4)
  A shadow imp (D:3)
  4 worms
  4 orcs
  8 ball pythons
  A bat (D:3)
  6 endoplasms
  A giant cockroach (D:4)
  3 goblins
  5 hobgoblins
  4 jackals (D:2)
  A quokka (D:3)
  15 kobolds
  4 rats
65 creatures vanquished.

Notes
Turn   | Place    | Note
-------+----------+-------------------------------------------
     0 | D:1      | Coron the Meteoran Fighter began the quest for the Orb.
     0 | D:1      | Reached XP level 1. HP: 19/19 MP: 2/2
    42 | D:1      | Found a faded altar of an unknown god.
   124 | D:1      | Reached XP level 2. HP: 3/26 MP: 3/3
   189 | D:2      | Reached XP level 3. HP: 31/31 MP: 4/4
   329 | D:3      | Reached XP level 4. HP: 38/40 MP: 5/5
   693 | D:4      | Reached XP level 5. HP: 14/46 MP: 6/6
   714 | D:4      | Found a glowing drain.
   724 | Sewer    | Entered a sewer
   740 | Sewer    | Noticed a kobold brigand
   755 | Sewer    | Killed a kobold brigand
   756 | Sewer    | Reached skill level 5 in Axes
   756 | Sewer    | Reached XP level 6. HP: 50/55 MP: 7/7
   883 | Sewer    | Reached skill level 5 in Fighting
  1108 | Sewer    | Glimpsed the power of Zot.
  1163 | D:4      | Found Vehaequq's Jewellery Shop.
  1221 | D:4      | Noticed Edmund
  1234 | D:4      | HP: 1/56 [Edmund/+0 flail of holy wrath (6)]
  1235 | D:4      | Mangled by Edmund

Illustrated notes

Levels and vault maps discovered:
D:1:      dpeg_arrival_orchard, layout_rooms,
          dreamdust_ecumenical_altar_angels_and_demons
D:2:      layout_basic, grunt_ministairs_4, minmay_fountain_box,
          minmay_statues_item, hex_medium, eino_tiny_chamber
D:3:      layout_basic, st_stairs_11, grunt_decor_cap
D:4:      layout_basic, mainiacjoe_overflow_paths,
          cheibrodos_sewer_entry_sluice, serial_shops,
          nicolae_shop_hallway_plus, uniq_edmund

Skill      XL: |  1  2  3  4  5  6 |
---------------+-------------------+-----
Armour         | 4 |  4.7
Shields        | 4 |  4.0
Axes           | 3 4 5 |  5.0
Fighting       | 4 5 |  5.0

Action                   |  1- 3 |  4- 6 || total
-------------------------+-------+-------++-------
Melee: War axe           |    60 |    61 ||   121
       Hand axe          |       |    99 ||    99
  Use: Potion            |     2 |     1 ||     3
       Scroll            |       |     1 ||     1
Armor: Scale mail        |    45 |    63 ||   108
Dodge: Dodged            |    28 |    44 ||    72
Block: Buckler           |    20 |    28 ||    48
